 Dungeon Sprint DCSS version 0.31-a0-37-g98a128e1d9 (webtiles) character file.

Game seed: 12102237381588809857

3461 bmack86 the Cleaver (level 9, -4/93 HPs)
             Began as a Minotaur Berserker on May 15, 2023.
             Was a High Priest of Trog.
             Killed from afar by a deep elf knight (22 damage)
             ... with a shard of ice
             ... in the Dungeon (Sprint III: "The Ten Rune Challenge").
             The game lasted 00:10:37 (1464 turns).

bmack86 the Cleaver (Minotaur Berserker)            Turns: 1464, Time: 00:10:38

Health: -4/93      AC: 14    Str: 26    XL:     9   Next: 78%
Magic:  2/2        EV: 10    Int:  4    God:    Trog [*****.]
Gold:   1860       SH:  5    Dex: 10    Spells: 8/8 levels left

rFire   . . .        d - +1 battleaxe (antimagic)
rCold   + . .        (shield currently unavailable)
rNeg    . . .        r - +2 chain mail {rPois}
rPois   +            (helmet unavailable)
rElec   .            (no cloak)
rCorr   .            (no gloves)
SInv    .            (no boots)
Will    .....        t - amulet of reflection Stlth
                     u - ring of flight
HPRegen 0.35/turn    (no ring)
MPRegen 0.08/turn

%: no teleportation, reflection
@: flying
A: horns 3, retaliatory headbutt, cold resistance 1, poison resistance
a: Renounce Religion, Berserk, Trog's Hand, Brothers in Arms


You were in the Dungeon.
You worshipped Trog.
Trog was extremely pleased with you.
You visited 1 branch You collected 2525 gold pieces.
You spent 665 gold pieces at shops.

Inventory:

Hand Weapons
 a - a +0 hand axe
 d - a +1 antimagic battleaxe (weapon)
 n - a +2 long sword of holy wrath
 q - a +0 battleaxe
 s - the +9 executioner's axe of Wuvuitre {flame, *Rage rElec rPois Int-5}
   (Trog gifted it to you in the Dungeon)

   Int:       It affects your intelligence (-5).
   rElec:     It insulates you from electricity.
   rPois:     It protects you from poison.
   *Rage:     It berserks you when you make melee attacks (+20% chance).
Armour
 b - a +0 animal skin
 p - a +0 leather armour
 r - a +2 chain mail of poison resistance (worn)
Jewellery
 t - an amulet of reflection (around neck)
 u - a ring of flight (left hand)
Scrolls
 h - 2 scrolls of blinking
 i - 2 scrolls of immolation
 j - a scroll of identify
Potions
 c - 2 potions of curing
 e - 2 potions of haste
 f - 2 potions of magic
 g - a potion of berserk rage
 k - 3 potions of flight
 l - 4 potions of mutation
 m - a potion of might
Miscellaneous
 o - a piece from Xom's chessboard (15/15) (quivered)


   Skills:
 + Level 13.6 Fighting
 - Level 11.7 Long Blades
 * Level 14.7 Axes
 + Level 13.3 Armour
 - Level 2.1 Dodging
 + Level 5.6 Evocations


You had 8 spell levels left.
You didn't know any spells.
Your spell library was empty.

Dungeon Overview and Level Annotations

Branches:
Dungeon (1/1)

Altars:
Cheibriados
Dithmenos
Elyvilon
Fedhas
Gozag
Hepliaklqana
Kikubaaqudgha
Makhleb
Nemelex Xobeh
Okawaru
Qazlal
Ru
Sif Muna
Trog
Uskayaw
Vehumet
Wu Jian
Xom
Yredelemnul
Zin
The Shining One
Jiyva
Lugonu

Shops:
D =


Innate Abilities, Weirdness & Mutations

You have a pair of large horns on your head.
You reflexively headbutt those who attack you in melee.
Your flesh is cold resistant. (rC+)
Your system is resistant to poisons. (rPois)


Message History

You fly up into the air.
u - a ring of flight (left hand)
You now have 1860 gold pieces (gained 11).
There is an entrance to Eheon's Jewellery Boutique here.
You reach down and open the door.
The deep elf knight shouts!
The deep elf pyromancer shouts!
The deep elf knight shouts! x2
You reach down and close the door.
Something unseen opens the door.
The deep elf knight gestures wildly while chanting.
The deep elf knight flickers and vanishes!
Deactivating autopickup; reactivate with Ctrl-A.
An arrow appears from out of thin air!
The arrow hits you.
An arrow appears from out of thin air!
The arrow hits you!
An arrow appears from out of thin air!
The arrow hits you but does no damage.
Things that are here:
a +0 scale mail; a +0 mace; a +1 heavy mace
There is an open door to the Orcish Mines, spattered with blood here.
You see here a +0 ring mail.
Items here: )))))) [[[ ÷÷.
Items here: ))))))) [[[[ ÷÷÷.
You hear some strange, mumbled words.
A lance of force appears from out of thin air!
The lance of force hits you!!
You are knocked back by the lance of force.
You slam into the rock wall!
Something hits you but does no damage.
Items here: ))))))) [[[[ ÷÷÷.
You completely miss something. Something hits you.
Something hits you but does no damage.
You barely miss something. Your headbutt misses something.
You hear some strange, mumbled words.
A shard of ice appears from out of thin air!
The shard of ice hits you!! You partially resist.
* * * LOW HITPOINT WARNING * * *
You miss something.
You hear some strange, mumbled words.
A shard of ice appears from out of thin air!
The shard of ice hits you!! You partially resist.
You die...

#.############ ###.###.########
..#___#___#__###...∩#...'.#...#
..#...#__.#)_#..........#.#ee.#
..###'#)###'##........### #ee.≈
..#..........#.........# e..#
..'.⌠........#.#.#...### ..#
..#...######'#[[.#.### ##
..#.⌠.#__#...#'##############
..#...#__#...#[{@.#.#.#.....#
..#'###__#...##.#))#.##.###.#
..#)).#__#...'##)#.#.##)#.)##
..#___#__'...#.))#..#..##..+....^
▓▓▓▓▓▓▓▓▓▓▓▓▓▓▓▓▓▓▓▓▓▓▓▓▓▓▓#.....
....^ ..^. .^^^ ###


There were no monsters in sight!

Vanquished Creatures
  Erolcha (D)
  A deep elf pyromancer (D)
  A shadow (D)
  A redback (D)
  A spatial vortex (D)
  5 two-headed ogres (D)
  A water elemental (D)
  A necrophage (D)
  A jelly (D)
  An orc wizard (D)
  A necromancer (D)
  3 humans (D)
  A kobold demonologist (D)
  A phantom (D)
  3 orcs (D)
  An endoplasm (D)
  3 rats (D)
27 creatures vanquished.

Vanquished Creatures (collateral kills)
  An orc knight (D)
  2 orc warriors (D)
  2 orc priests (D)
  2 orc wizards (D)
  7 orcs (D)
14 creatures vanquished.

Vanquished Creatures (others)
  A wizard (D)
1 creature vanquished.

Grand Total: 42 creatures vanquished

Notes
Turn   | Place    | Note
-------+----------+-------------------------------------------
     0 | D        | bmack86 the Minotaur Berserker began the quest for the Orb.
     0 | D        | Reached XP level 1. HP: 19/19 MP: 0/0
    12 | D        | Reached skill level 4 in Axes
    29 | D        | Reached ** piety under Trog
   114 | D        | Reached skill level 5 in Axes
   114 | D        | Reached XP level 2. HP: 12/28 MP: 1/1
   117 | D        | Reached skill level 5 in Fighting
   117 | D        | Reached skill level 6 in Axes
   233 | D        | Gained mutation: You occasionally lose the ability to drink
                  | potions when taking damage. [potion of mutation]
   234 | D        | Lost mutation: You occasionally lose the ability to drink
                  | potions when taking damage. [potion of mutation]
   234 | D        | Gained mutation: You occasionally lose the ability to drink
                  | potions when taking damage. [potion of mutation]
   234 | D        | Gained mutation: You occasionally lose the ability to read
                  | scrolls when taking damage. [potion of mutation]
   234 | D        | Gained mutation: Your flesh is cold resistant. (rC+)
                  | [potion of mutation]
   234 | D        | Gained mutation: You have sharp toenails. [potion of
                  | mutation]
   235 | D        | Lost mutation: You occasionally lose the ability to read
                  | scrolls when taking damage. [potion of mutation]
   235 | D        | Lost mutation: You have sharp toenails. [potion of
                  | mutation]
   235 | D        | Lost mutation: You occasionally lose the ability to drink
                  | potions when taking damage. [potion of mutation]
   235 | D        | Gained mutation: Your system is resistant to poisons.
                  | (rPois) [potion of mutation]
   235 | D        | Gained mutation: You have a pair of large horns on your
                  | head. [potion of mutation]
   238 | D        | Noticed a water elemental
   241 | D        | Killed a water elemental
   241 | D        | Reached *** piety under Trog
   242 | D        | Reached skill level 8 in Axes
   242 | D        | Reached skill level 5 in Armour
   242 | D        | Reached XP level 3. HP: 29/37 MP: 2/2
   242 | D        | Reached XP level 4. HP: 35/44 MP: 3/3
   307 | D        | Found a hide-covered altar of Uskayaw.
   307 | D        | Found an iron altar of Okawaru.
   307 | D        | Found a bloodstained altar of Trog.
   307 | D        | Found an ornate altar of the Wu Jian Council.
   307 | D        | Noticed a human
   308 | D        | Noticed a human
   312 | D        | Killed a human
   313 | D        | Reached skill level 10 in Axes
   313 | D        | Reached XP level 5. HP: 53/53 MP: 4/4
   319 | D        | Killed a human
   320 | D        | Reached skill level 12 in Axes
   320 | D        | Reached XP level 6. HP: 57/63 MP: 5/5
   394 | D        | Found a basalt altar of Yredelemnul.
   394 | D        | Found a shadowy altar of Dithmenos.
   394 | D        | Found a sacrificial altar of Ru.
   400 | D        | Reached **** piety under Trog
   470 | D        | Found a glowing silver altar of Zin.
   470 | D        | Found a glowing golden altar of the Shining One.
   470 | D        | Found a white marble altar of Elyvilon.
   472 | D        | Noticed a deep elf pyromancer
   478 | D        | Killed a deep elf pyromancer
   479 | D        | Reached skill level 10 in Fighting
   479 | D        | Reached skill level 14 in Axes
   479 | D        | Reached skill level 10 in Armour
   479 | D        | Reached XP level 7. HP: 73/73 MP: 6/6
   523 | D        | Found a radiant altar of Vehumet.
   523 | D        | Found a shimmering blue altar of Sif Muna.
   523 | D        | Found an ancient bone altar of Kikubaaqudgha.
   568 | D        | Noticed a shadow
   575 | D        | Reached skill level 1 in Long Blades
   575 | D        | Killed a shadow
   576 | D        | Reached XP level 8. HP: 82/82 MP: 7/7
   624 | D        | Found a blossoming altar of Fedhas.
   624 | D        | Found a stormy altar of Qazlal.
   624 | D        | Found a snail-covered altar of Cheibriados.
   624 | D        | Found a burning altar of Makhleb.
   624 | D        | Found a shimmering altar of Xom.
   625 | D        | Found a hazy altar of Hepliaklqana.
   625 | D        | Found an opulent altar of Gozag.
   625 | D        | Found a sparkling altar of Nemelex Xobeh.
   625 | D        | Found a corrupted altar of Lugonu.
   625 | D        | Found a viscous altar of Jiyva.
   640 | D        | Reached skill level 5 in Long Blades
   673 | D        | Reached ***** piety under Trog
   674 | D        | Reached skill level 1 in Evocations
   836 | D        | Noticed a two-headed ogre
   841 | D        | Killed a two-headed ogre
   903 | D        | Noticed Erolcha
   903 | D        | Noticed a two-headed ogre
   909 | D        | Killed Erolcha
   910 | D        | Reached XP level 9. HP: 92/92 MP: 8/8
   915 | D        | Killed a two-headed ogre
   916 | D        | Reached skill level 10 in Long Blades
  1054 | D        | Found Eheon's Jewellery Boutique.
  1055 | D        | Noticed an orc knight
  1070 | D        | Reached skill level 5 in Evocations
  1076 | D        | Killed an orc knight
  1078 | D        | Received a gift from Trog
  1108 | D        | Identified the +9 executioner's axe of Wuvuitre {flame,
                  | *Rage rElec rPois Int-5} (Trog gifted it to you in the
                  | Dungeon)
  1108 | D        | Received a gift from Trog
  1403 | D        | Bought an amulet of reflection for 420 gold pieces
  1403 | D        | Bought a ring of flight for 245 gold pieces
  1440 | D        | Noticed a deep elf knight
  1440 | D        | Noticed a deep elf pyromancer
  1440 | D        | Noticed a deep elf pyromancer
  1440 | D        | Noticed a deep elf knight
  1440 | D        | Noticed a deep elf knight
  1464 | D        | Killed from afar by a deep elf knight

Illustrated notes

Levels and vault maps discovered:
D:        dungeon_sprint_mu [sprint_mu_entry_cave, sprint_mu_temple_rooms,
          sprint_mu_d1_spiders, sprint_mu_d2_genie, sprint_mu_d3_branching,
          sprint_mu_orc_legion, sprint_mu_elf_gauntlet, sprint_mu_hive_nellie,
          sprint_mu_lair_fedhas, sprint_mu_vaults_butterflies,
          sprint_mu_slime_circle, sprint_mu_shoals_kraken,
          sprint_mu_snake_twists, sprint_mu_blade_basic,
          sprint_mu_crypt_chambers, sprint_mu_tomb_spiral,
          sprint_mu_vestibule_basic, sprint_mu_gehenna_hellfire,
          sprint_mu_dis_giant, sprint_mu_tartarus_statrot,
          sprint_mu_cocytus_islands, sprint_mu_zot1]

Skill      XL: |  1  2  3  4  5  6  7  8  9 |
---------------+----------------------------+-----
Axes           | 5 8 10 12 14 | 14.7
Fighting       | 4 6 8 9 10 11 12 13 | 13.6
Armour         | 3 5 7 8 10 12 13 | 13.3
Long Blades    | 4 9 11 | 11.7
Evocations     | 4 5 |  5.6
Dodging        | |  2.1

Action                     |  1- 3 |  4- 6 |  7- 9 || total
---------------------------+-------+-------+-------++-------
  Melee: Hand axe          |    14 |    20 |       ||    34
         Headbutt          |     2 |     4 |     8 ||    14
         Long sword        |       |       |    43 ||    43
         Punch             |       |       |     1 ||     1
         Battleaxe         |       |       |     8 ||     8
 Invoke: Berserk           |     2 |     3 |     7 ||    12
         Brothers in Arms  |       |       |     3 ||     3
    Use: Potion            |     3 |       |     1 ||     4
         Scroll            |     1 |       |       ||     1
 Armour: Animal skin       |     3 |       |     3 ||     6
         Chain mail        |       |       |     3 ||     3
         Leather armour    |       |       |     1 ||     1
  Dodge: Dodged            |     3 |     5 |    30 ||    38

Table legend: (Time is in decaauts)
 A = Elapsed time spent in this place.
 B = Non-inter-level travel time spent in this place.
 C = Inter-level travel time spent in this place.
 D = Time resting spent in this place.
 E = Time spent auto-exploring this place.
 F = Levels seen in this place.
 G = Mean time per level.
                   A        B        C        D        E       F      G
               +--------+--------+--------+--------+--------+-----+--------+
         Total |   1563 |   1547 |     16 |    938 |      0 |   1 | 1563.0 |
       Dungeon |   1563 |   1547 |     16 |    938 |      0 |   1 | 1563.0 |
               +--------+--------+--------+--------+--------+-----+--------+

Top non-repeatable levels by time:
       D: 1563 daAuts
